 Dungeon Crawl Stone Soup version 0.30-b1-5-g8e6c1be481 (webtiles) character file.

Game seed: 7964614680017855275

174 safid the Chiller (level 5, -3/39 HPs)
             Began as a Merfolk Ice Elementalist on May 3, 2023.
             Slain by a gnoll
             ... wielding a +0 spear
             ... led by a gnoll bouda
              (6 damage)
             ... on level 4 of the Dungeon.
             The game lasted 00:05:30 (2786 turns).

safid the Chiller (Merfolk Ice Elementalist)        Turns: 2786, Time: 00:05:31

Health: -3/39      AC:  7    Str:  7    XL:     5   Next: 54%
Magic:  11/17      EV: 13    Int: 16    God:
Gold:   148        SH:  0    Dex: 18    Spells: 1/8 levels left

rFire   + . .        q - +8 falchion of the Endless Expanse {speed, Fly rF+ MP+9}
rCold   . . .        (no shield)
rNeg    . . .        a - +0 robe
rPois   .            (no helmet)
rElec   .            (no cloak)
rCorr   .            (no gloves)
SInv    .            (no boots)
Will    .....        i - amulet of the acrobat
Stlth   ++           (no ring)
HPRegen 0.26/turn    (no ring)
MPRegen 0.15/turn

%: acrobat
@: ice-armoured, freezing walls, attractive, flying
A: (nimble swimmer 2), mertail, agile 1, deformed body, no potion heal 1
a: no special abilities


You were on level 4 of the Dungeon.
You visited 1 branch of the dungeon, and saw 4 of its levels.

You collected 148 gold pieces.

Inventory:

Hand Weapons
 f - a +2 sling of electrocution
 q - the +8 falchion of the Endless Expanse (weapon) {speed, Fly rF+ MP+9}
   (You found it on level 3 of the Dungeon)

   rF:        It protects you from fire.
   MP:        It affects your magic capacity (+9).
   Fly:       It grants you flight.
Armour
 a - a +0 robe (worn)
 e - +0 gold dragon scales
Jewellery
 i - an amulet of the acrobat (around neck)
Scrolls
 d - 2 scrolls of enchant armour {unknown}
 g - 2 scrolls of identify {unknown}
 j - 3 scrolls of poison {unknown}
 l - a scroll of immolation {unknown}
 m - a scroll of magic mapping {unknown}
 o - 3 scrolls of fog {unknown}
 p - a scroll of noise {unknown}
 r - a scroll of amnesia {unknown}
Potions
 b - 2 potions of magic
 c - a potion of mutation
 h - 3 potions of attraction
 k - a potion of might {unknown}
 n - 2 potions of lignification {unknown}


   Skills:
 * Level 2.7 Fighting
 + Level 0.9(1.1) Short Blades
 + Level 0.9(1.1) Long Blades
 + Level 2.6 Ranged Weapons
 - Level 2.6 Dodging
 - Level 2.1 Stealth
 + Level 2.1 Spellcasting
 + Level 4.9 Ice Magic


You had one spell level left.
You knew the following spells:

 Your Spells              Type           Power      Damage    Failure   Level
a - Freeze                Ice            68%        1d8       2%          1
b - Frozen Ramparts       Ice            34%        1d6       9%          3
c - Ozocubu's Armour      Ice            17%        N/A       9%          3

Your spell library contained the following spells:

 Spells                   Type           Power      Damage    Failure   Level
 Hailstorm                Conj/Ice       9%         3d4       22%         3
 Ice Form                 Ice/Tmut       9%         N/A       58%         4
 Summon Ice Beast         Ice/Summ       9%         N/A       58%         4
 Simulacrum               Ice/Necr       4%         N/A       100%        6


Dungeon Overview and Level Annotations

Branches:
Dungeon (4/15)
 Temple: D:4-7

Altars:

Shops:
D:1 *

Annotations:
D:2 1 runed translucent door, Crazy Yiuf


Innate Abilities, Weirdness & Mutations

((You are very nimble when in or above water. (Stealth+, EV+, Speed+++)))
Your lower body shifts to a powerful aquatic tail in water.
You are agile. (Dex +4, Str/Int -1)
Armour fits poorly on your strangely shaped body.
Potions are less effective at restoring your health.


Message History

The gnoll completely misses you. The dart slug completely misses you.
Unknown command.
Unknown command.
Unknown command.
It was a potion of attraction.
You feel attractive to monsters.
The gnoll bouda barks out a call to the hunt!
The gnolls pick up the pace!
The wall freezes the gnoll.
The gnoll barely misses you.
The wall freezes the sleepcap but does no damage.
The sleepcap releases spores at you but does no damage.
The wall freezes the endoplasm.
The dart slug launches a dart at you.
The slug dart hits you but does no damage.
The worm bites you.
* * * LOW HITPOINT WARNING * * *
The hobgoblin is attracted toward you.
The gnoll bouda is attracted toward you.
The gnoll is attracted toward you.
Unknown command.
Unknown command.
Unknown command.
Unknown command.
Unknown command.
Unknown command.
Unknown command.
Unknown command.
Unknown command.
Unknown command.
Unknown command.
Unknown command.
Unknown command.
Unknown command.
It was a potion of mutation.
You feel extremely strange.
Your system partially rejects the healing effects of potions.
You feel agile.
Your body twists and deforms.
The gnoll shouts!
The wall freezes the gnoll.
The gnoll hits you from afar with a +0 spear.
You die...

......##................
........##..............
....#...##.....[†.......
.#####.....$.....# ..
..## #...........# ...
...##...#.......## ..#
...##..##........##..#
.......####.........#
#....... #...>.@.#.#
##.#... .....gwwf# .. #
#.....#....§.gggJ. ... #
...#####..###g(g..... #
#... #.. ....§.... . ...
... ..###.... .. ..§
^... .... .##


You could see a sleepcap, a gnoll bouda, a worm, 4 gnolls, a dart slug, an
endoplasm and a hobgoblin.

Vanquished Creatures
  A scorpion (D:4)
  A hound (D:3)
  3 adders
  A dart slug (D:3)
  An orc (D:3)
  2 ball pythons
  3 bats
  6 endoplasms
  4 giant cockroaches
  8 goblins
  6 hobgoblins
  3 quokkas
  5 frilled lizards
  9 kobolds
  3 rats
56 creatures vanquished.

Notes
Turn   | Place    | Note
-------+----------+-------------------------------------------
     0 | D:1      | safid the Merfolk Ice Elementalist began the quest for the
                  | Orb.
     0 | D:1      | Reached XP level 1. HP: 13/13 MP: 3/3
   260 | D:1      | Reached XP level 2. HP: 20/20 MP: 5/5
   550 | D:1      | Reached skill level 1 in Fighting
   654 | D:1      | Found Ebaumm Lutz's Assorted Antiques.
   905 | D:2      | Reached XP level 3. HP: 24/26 MP: 6/6
   996 | D:2      | Found a runed translucent door.
   997 | D:2      | Noticed Crazy Yiuf
  1094 | D:2      | Reached skill level 1 in Ranged Weapons
  1559 | D:2      | Reached XP level 4. HP: 33/33 MP: 7/7
  1728 | D:2      | Learned a level 3 spell: Frozen Ramparts
  1732 | D:2      | Learned a level 3 spell: Ozocubu's Armour
  2059 | D:3      | Identified the +8 falchion of the Endless Expanse {speed,
                  | Fly rF+ MP+9}
  2674 | D:4      | Noticed a scorpion
  2680 | D:4      | Killed a scorpion
  2681 | D:4      | Reached XP level 5. HP: 37/39 MP: 7/8
  2786 | D:4      | Gained mutation: Potions are less effective at restoring
                  | your health. [potion of mutation]
  2786 | D:4      | Gained mutation: You are agile. (Dex +4, Str/Int -1)
                  | [potion of mutation]
  2786 | D:4      | Gained mutation: Armour fits poorly on your strangely
                  | shaped body. [potion of mutation]
  2786 | D:4      | Slain by a gnoll

Illustrated notes

Levels and vault maps discovered:
D:1:      mushboom_english_gardens, layout_basic, serial_shops, shop_statue,
          kennysheep_minor_cross, corner_web_ring
D:2:      layout_loops_ring, uniq_crazy_yiuf_cottage
D:3:      layout_loops_corners, grunt_ministairs_14
D:4:      layout_cave_pools

Skill      XL: |  1  2  3  4 |
---------------+-------------+-----
Fighting       | 1 2 |  2.7
Ranged Weapons | 1 2 |  2.6
Short Blades   | |  0.9
Long Blades    | |  0.9
Dodging        | |  2.6
Stealth        | |  2.1
Spellcasting   | |  2.1
Ice Magic      | |  4.9

Action                     |  1- 3 |  4- 6 || total
---------------------------+-------+-------++-------
  Melee: Dagger            |    12 |       ||    12
         Unarmed           |     5 |       ||     5
         Falchion          |       |    28 ||    28
   Fire: Sling             |    86 |    15 ||   101
   Cast: Freeze            |     5 |       ||     5
         Frozen Ramparts   |       |     3 ||     3
         Ozocubu's Armour  |       |     1 ||     1
    Use: Potion            |       |     2 ||     2
   Stab: Sleeping          |       |     1 ||     1
 Armour: Robe              |    18 |     4 ||    22
  Dodge: Dodged            |    48 |    17 ||    65
